NWL (28 & UNDER)
BALZAC RAMS @ RIVERSIDE RED BULLS
04/21/2027
 
TOP OF THE 1ST
Balzac Rams batting - Pitching for Riverside Red Bulls : RHP Gene Whitley
Pitching: RHP Gene Whitley
Batting: RHB Luis Suárez 0-0: DOUBLE (Line Drive, 9LM)
Batting: RHB Brian Parks 0-0: Called Strike
0-1: Ground out 6-3 (Groundball, 6)
Batting: LHB Howard Evans 0-0: Ball
Balk!
Luis Suárez to third
1-0: Ball
2-0: Ball
3-0: Called Strike
3-1: Called Strike
3-2: Base on Balls
Batting: RHB Tommy Wilson 0-0: Called Strike
0-1: Ball
1-1: Ball
2-1: 3-RUN HOME RUN (Flyball, 9LD), Distance : 397 ft
Batting: LHB Fernando Cruz 0-0: Ball
1-0: Called Strike
1-1: Foul Ball, location: 2F
1-2: Ball
2-2: Ball
3-2: Base on Balls
Batting: RHB James Tucker 0-0: Ball
Fernando Cruz steals 2nd base
1-0: Ball
2-0: Ball
3-0: Base on Balls
Batting: RHB Jeff Stevenson 0-0: DOUBLE (Groundball, 3L)
Fernando Cruz scores
James Tucker to third
Batting: RHB Félix Quintero 0-0: Ball
1-0: Ball
2-0: Swinging Strike
2-1: Ground out 6-3 (Groundball, 6)
James Tucker scores
Batting: RHB Ricardo Muńóz 0-0: Ball
1-0: Foul Ball, location: 2F
1-1: Foul Ball, location: 2F
1-2: Strikes out swinging
Top of the 1st over - 5 run(s), 3 hit(s), 0 error(s), 1 left on base; Balzac 5 - Riverside 0
BOTTOM OF THE 1ST
Riverside Red Bulls batting - Pitching for Balzac Rams : RHP John Wells
Pitching: RHP John Wells
Batting: RHB Enrique Flores 0-0: Called Strike
0-1: Foul Ball, location: 2F
0-2: Ball
1-2: Ball
2-2: SINGLE (Line Drive, 78M)
Batting: SHB Luis Alonso 0-0: Called Strike
0-1: Ball
1-1: Ball
2-1: Foul Ball, location: 2F
2-2: Ball
3-2: Base on Balls
Enrique Flores to second
Batting: RHB Marcos Hernández 0-0: Called Strike
0-1: Foul Ball, location: 2F
0-2: Foul Ball, location: 2F
0-2: Ball
1-2: Foul Ball, location: 2F
1-2: Foul Ball, location: 2F
1-2: Ball
2-2: Grounds into double play, 6-4-3 (Groundball, 6)
Enrique Flores to third
Batting: RHB Luis Flores 0-0: Ball
1-0: Ball
2-0: Ball
3-0: Called Strike
3-1: Base on Balls
Batting: RHB Kelly Jones 0-0: Called Strike
0-1: Foul Ball, location: 2F
0-2: Ground out 4-3 (Groundball, 4M)
Bottom of the 1st over - 0 run(s), 1 hit(s), 0 error(s), 2 left on base; Balzac 5 - Riverside 0
TOP OF THE 2ND
Balzac Rams batting - Pitching for Riverside Red Bulls : RHP Gene Whitley
Batting: RHB Luis Suárez 0-0: Called Strike
0-1: Called Strike
0-2: Ball
1-2: Foul Ball, location: 2F
1-2: Ball
2-2: Ground out 6-3 (Groundball, 56)
Batting: RHB Brian Parks 0-0: Swinging Strike
0-1: Fly out, F4 (Popup, 4D)
Batting: LHB Howard Evans 0-0: Foul Ball, location: 2F
0-1: Called Strike
0-2: Ball
1-2: Ball
2-2: SINGLE (Groundball, 34D)
Batting: RHB Tommy Wilson 0-0: Called Strike
0-1: Swinging Strike
0-2: Ball
1-2: Foul Ball, location: 2F
1-2: Ball
2-2: Strikes out swinging
Top of the 2nd over - 0 run(s), 1 hit(s), 0 error(s), 1 left on base; Balzac 5 - Riverside 0
BOTTOM OF THE 2ND
Riverside Red Bulls batting - Pitching for Balzac Rams : RHP John Wells
Batting: RHB Pedro Mata 0-0: Called Strike
0-1: Fly out, F8 (Flyball, 78D)
Batting: LHB Mike Petersen 0-0: Ball
1-0: Called Strike
1-1: Ball
2-1: Called Strike
2-2: Ball
3-2: Foul Ball, location: 2F
3-2: Ground out 3-1 (Groundball, 3S)
Batting: RHB Brandon Pope 0-0: Ball
1-0: Foul Ball, location: 2F
1-1: SINGLE (Line Drive, 7S)
Batting: RHB Earnest Finnegan 0-0: Ball
1-0: Ball
2-0: Called Strike
2-1: Swinging Strike
2-2: Ball
3-2: Base on Balls
Brandon Pope to second
Batting: RHB Enrique Flores 0-0: SINGLE (Groundball, 34D)
Brandon Pope to third
Earnest Finnegan to second
Runner from 3rd tries for Home, SAFE, no throw
Batting: SHB Luis Alonso 0-0: Ball
1-0: Ball
2-0: Swinging Strike
2-1: Ball
3-1: Base on Balls
Earnest Finnegan to third
Enrique Flores to second
Batting: RHB Marcos Hernández 0-0: Ball
1-0: Ball
2-0: Foul Ball, location: 2F
2-1: Reached on error, E5 (Groundball, 5S)
Earnest Finnegan scores
Enrique Flores scores
Luis Alonso to third
Batting: RHB Luis Flores 0-0: Ball
1-0: Reached on error, E7 (Flyball, 78M)
Luis Alonso scores
Marcos Hernández scores
Batting: RHB Kelly Jones 0-0: Ball
1-0: DOUBLE (Line Drive, 89S)
Luis Flores scores
Pitching: LHP Nick Johnson
Batting: RHB Pedro Mata 0-0: Ball
1-0: Foul Ball, location: 2F
1-1: Fly out, F9 (Flyball, 9S)
Bottom of the 2nd over - 6 run(s), 3 hit(s), 2 error(s), 1 left on base; Balzac 5 - Riverside 6
TOP OF THE 3RD
Balzac Rams batting - Pitching for Riverside Red Bulls : RHP Gene Whitley
Batting: LHB Fernando Cruz 0-0: Ball
1-0: Ball
2-0: Called Strike
2-1: Fly out, F6 (Popup, 56)
Batting: RHB James Tucker 0-0: Called Strike
0-1: Ball
1-1: Swinging Strike
1-2: Strikes out swinging
Batting: RHB Jeff Stevenson 0-0: Ball
1-0: Ball
2-0: Ball
3-0: Called Strike
3-1: Foul Ball, location: 2F
3-2: Ground out 5-3 (Groundball, 56)
Top of the 3rd over - 0 run(s), 0 hit(s), 0 error(s), 0 left on base; Balzac 5 - Riverside 6
BOTTOM OF THE 3RD
Riverside Red Bulls batting - Pitching for Balzac Rams : LHP Pedro Guerra
Pitching: LHP Pedro Guerra
Batting: LHB Mike Petersen 0-0: Called Strike
0-1: Ground out U3 (Groundball, 34)
Batting: RHB Brandon Pope 0-0: Ball
1-0: Called Strike
1-1: Ball
2-1: Fly out, F2 (Popup, 5S)
Batting: RHB Earnest Finnegan 0-0: Ball
1-0: Swinging Strike
1-1: Foul Ball, location: 2F
1-2: Ball
2-2: Foul Ball, location: 2F
2-2: Strikes out swinging
Bottom of the 3rd over - 0 run(s), 0 hit(s), 0 error(s), 0 left on base; Balzac 5 - Riverside 6
TOP OF THE 4TH
Balzac Rams batting - Pitching for Riverside Red Bulls : RHP Gene Whitley
Pitching: RHP Carlos Morán
Batting: RHB Félix Quintero 0-0: Called Strike
0-1: Ball
1-1: Foul Ball, location: 2F
1-2: Foul Ball, location: 2F
1-2: Ground out 5-3 (Groundball, 56)
Batting: RHB Ricardo Muńóz 0-0: Ball
1-0: Called Strike
1-1: Foul Ball, location: 2F
1-2: Strikes out swinging
Batting: RHB Luis Suárez 0-0: Called Strike
0-1: Ball
1-1: DOUBLE (Line Drive, 7LS)
Batting: RHB Brian Parks 0-0: Called Strike
0-1: Swinging Strike
0-2: Ball
1-2: Strikes out looking
Top of the 4th over - 0 run(s), 1 hit(s), 0 error(s), 1 left on base; Balzac 5 - Riverside 6
BOTTOM OF THE 4TH
Riverside Red Bulls batting - Pitching for Balzac Rams : LHP Pedro Guerra
Batting: RHB Enrique Flores 0-0: DOUBLE (Line Drive, 78XD)
Batting: SHB Luis Alonso 0-0: Ground out 4-3 (Groundball, 4)
Enrique Flores to third
Batting: RHB Marcos Hernández 0-0: SINGLE (Line Drive, 89S)
Enrique Flores scores
Batting: RHB Luis Flores 0-0: Ball
Marcos Hernández steals 2nd base
1-0: Swinging Strike
1-1: Swinging Strike
1-2: Ball
2-2: Ball
3-2: Base on Balls
Batting: RHB Kelly Jones 0-0: Called Strike
0-1: Ball
1-1: Foul Ball, location: 2F
1-2: Grounds into double play, 6-4-3 (Groundball, 6)
Bottom of the 4th over - 1 run(s), 2 hit(s), 0 error(s), 1 left on base; Balzac 5 - Riverside 7
TOP OF THE 5TH
Balzac Rams batting - Pitching for Riverside Red Bulls : RHP Carlos Morán
Batting: LHB Howard Evans 0-0: Called Strike
0-1: DOUBLE (Groundball, 3L)
Batting: RHB Tommy Wilson 0-0: Called Strike
0-1: Ball
1-1: Foul Ball, location: 2F
1-2: Hit by Pitch
Batting: LHB Fernando Cruz 0-0: TRIPLE (Flyball, 89XD)
Howard Evans scores
Tommy Wilson scores
Batting: RHB James Tucker 0-0: Ball
1-0: SINGLE (Flyball, 8LS)
Fernando Cruz scores
Pitching: RHP José López
Batting: RHB Jeff Stevenson 0-0: Fly out, F7 (Flyball, 7LM)
Batting: RHB Félix Quintero 0-0: Called Strike
0-1: Ball
1-1: Ball
2-1: Foul Ball, location: 2F
2-2: Foul Ball, location: 2F
2-2: Fly out, F9 (Flyball, 89D)
Batting: RHB Ricardo Muńóz 0-0: Called Strike
James Tucker steals 2nd base
0-1: Foul Ball, location: 2F
0-2: Foul Ball, location: 2F
0-2: Ball
1-2: Ball
2-2: Ball
3-2: SINGLE (Groundball, 6M) (infield hit)
James Tucker to third
Batting: RHB Luis Suárez 0-0: Fly out, F9 (Flyball, 9LMF)
Top of the 5th over - 3 run(s), 4 hit(s), 0 error(s), 2 left on base; Balzac 8 - Riverside 7
BOTTOM OF THE 5TH
Riverside Red Bulls batting - Pitching for Balzac Rams : LHP Pedro Guerra
Batting: RHB Pedro Mata 0-0: Ground out 6-3 (Groundball, 6)
Batting: LHB Mike Petersen 0-0: Ball
1-0: Ball
2-0: Ball
3-0: Called Strike
3-1: Foul Ball, location: 2F
3-2: Base on Balls
Pitching: RHP Reid Mapstone
Batting: RHB Brandon Pope 0-0: Ball
1-0: Ball
Wild Pitch!
Mike Petersen to second
2-0: Ball
3-0: Base on Balls
Batting: RHB Earnest Finnegan 0-0: Ball
1-0: Called Strike
1-1: Ball
2-1: SINGLE (Line Drive, 78M)
Mike Petersen to third
Brandon Pope to second
Runner from 3rd tries for Home, SAFE, throw made home
Brandon Pope to third
Earnest Finnegan to second
Batting: RHB Enrique Flores 0-0: Ball
1-0: Ball
2-0: Foul Ball, location: 2F
2-1: Called Strike
2-2: Foul Ball, location: 2F
2-2: Foul Ball, location: 2F
2-2: Ball
3-2: Base on Balls
Batting: SHB Luis Alonso 0-0: Ball
1-0: Ground out 4-3 (Groundball, 4S)
Brandon Pope scores
Earnest Finnegan to third
Enrique Flores to second
Batting: RHB Marcos Hernández 0-0: Ball
1-0: Called Strike
1-1: Foul Ball, location: 2F
1-2: Ball
2-2: Ball
3-2: Strikes out swinging
Bottom of the 5th over - 2 run(s), 1 hit(s), 0 error(s), 2 left on base; Balzac 8 - Riverside 9
TOP OF THE 6TH
Balzac Rams batting - Pitching for Riverside Red Bulls : RHP José López
Batting: RHB Brian Parks 0-0: Ground out 6-3 (Groundball, 6)
Batting: LHB Howard Evans 0-0: Fly out, F9 (Flyball, 9S)
Batting: RHB Tommy Wilson 0-0: Called Strike
0-1: Foul Ball, location: 2F
0-2: SINGLE (Line Drive, 6MD)
Batting: LHB Fernando Cruz 0-0: Swinging Strike
0-1: Ball
1-1: Called Strike
1-2: SINGLE (Groundball, 34D)
Tommy Wilson to second
Batting: RHB James Tucker 0-0: SINGLE (Groundball, 6D)
Tommy Wilson to third
Fernando Cruz to second
Runner from 3rd tries for Home, SAFE, throw made home
Fernando Cruz to third
James Tucker to second
Batting: RHB Jeff Stevenson 0-0: Swinging Strike
0-1: Ball
1-1: Foul Ball, location: 2F
1-2: SINGLE (Groundball, 56D)
Fernando Cruz scores
James Tucker to third
Runner from 3rd tries for Home, SAFE, no throw
Pitching: RHP Roberto Moreno
Batting: RHB Félix Quintero 0-0: Ball
1-0: Ball
2-0: Foul Ball, location: 2F
2-1: Fielders Choice at 2nd, 6-4 (Groundball, 6)
Top of the 6th over - 3 run(s), 4 hit(s), 0 error(s), 0 left on base; Balzac 11 - Riverside 9
BOTTOM OF THE 6TH
Riverside Red Bulls batting - Pitching for Balzac Rams : RHP Reid Mapstone
Batting: RHB Luis Flores 0-0: Ball
1-0: Ball
2-0: Called Strike
2-1: Fly out, F9 (Flyball, 9)
Batting: RHB Kelly Jones 0-0: Called Strike
0-1: SINGLE (Groundball, 56) (infield hit)
Batting: RHB Pedro Mata 0-0: Ball
1-0: Ball
2-0: Called Strike
2-1: Foul Ball, location: 2F
2-2: Ball
3-2: SINGLE (Line Drive, 78S)
Kelly Jones to second
Batting: LHB Mike Petersen 0-0: Fly out, F1 (Line Drive, 15)
Batting: RHB Brandon Pope 0-0: Ball
1-0: Ball
2-0: Swinging Strike
2-1: Ball
3-1: Foul Ball, location: 2F
3-2: Base on Balls
Kelly Jones to third
Pedro Mata to second
Batting: RHB Earnest Finnegan 0-0: Ball
1-0: Foul Ball, location: 2F
1-1: Foul Ball, location: 2F
1-2: Ball
2-2: Foul Ball, location: 2F
2-2: Ball
3-2: Foul Ball, location: 2F
3-2: Base on Balls
Kelly Jones scores
Pedro Mata to third
Brandon Pope to second
Pitching: RHP Carlos Bamber
Batting: RHB Enrique Flores 0-0: Called Strike
0-1: Ball
1-1: Swinging Strike
1-2: Strikes out looking
Bottom of the 6th over - 1 run(s), 2 hit(s), 0 error(s), 3 left on base; Balzac 11 - Riverside 10
TOP OF THE 7TH
Balzac Rams batting - Pitching for Riverside Red Bulls : RHP Roberto Moreno
Batting: RHB Ricardo Muńóz 0-0: Ball
1-0: Foul Ball, location: 2F
1-1: Ball
2-1: DOUBLE (Line Drive, 78M)
Batting: RHB Luis Suárez 0-0: Bunt missed!
0-1: Ball
1-1: Bunted foul
1-2: Strikes out swinging
Batting: RHB Brian Parks 0-0: Swinging Strike
0-1: Called Strike
0-2: Ground out 1-3 (Groundball, 15S)
Batting: LHB Howard Evans 0-0: Called Strike
0-1: Called Strike
Ricardo Muńóz is caught stealing 3rd base
Top of the 7th over - 0 run(s), 1 hit(s), 0 error(s), 0 left on base; Balzac 11 - Riverside 10
BOTTOM OF THE 7TH
Riverside Red Bulls batting - Pitching for Balzac Rams : RHP Carlos Bamber
Now at 2B: Enrique Castillo
Batting: SHB Luis Alonso 0-0: Ball
1-0: Ground out 3-1 (Groundball, 34)
Batting: RHB Marcos Hernández 0-0: Foul Ball, location: 2F
0-1: Swinging Strike
0-2: Foul Ball, location: 2F
0-2: Ball
1-2: Ball
2-2: Ground out 5-3 (Groundball, 56)
Batting: RHB Luis Flores 0-0: Ball
1-0: SINGLE (Line Drive, 4)
Batting: RHB Kelly Jones 0-0: Ball
1-0: Ball
2-0: Fly out, F7 (Line Drive, 7S)
Bottom of the 7th over - 0 run(s), 1 hit(s), 0 error(s), 1 left on base; Balzac 11 - Riverside 10
TOP OF THE 8TH
Balzac Rams batting - Pitching for Riverside Red Bulls : RHP Roberto Moreno
Batting: LHB Howard Evans 0-0: Called Strike
0-1: Ball
1-1: Ball
2-1: Ground out U3 (Groundball, 3)
Batting: RHB Tommy Wilson 0-0: Called Strike
0-1: Called Strike
0-2: Foul Ball, location: 2F
0-2: Strikes out swinging
Batting: LHB Fernando Cruz 0-0: Ground out 6-3 (Groundball, 6)
Top of the 8th over - 0 run(s), 0 hit(s), 0 error(s), 0 left on base; Balzac 11 - Riverside 10
BOTTOM OF THE 8TH
Riverside Red Bulls batting - Pitching for Balzac Rams : RHP Carlos Bamber
Pitching: RHP David Elías
Batting: RHB Pedro Mata 0-0: Ball
1-0: Called Strike
1-1: Foul Ball, location: 2F
1-2: Fly out, F7 (Line Drive, 7)
Pitching: LHP Martin Balsano
Batting: LHB Mike Petersen 0-0: Ball
1-0: Foul Ball, location: 2F
1-1: Fly out, F8 (Flyball, 78D)
Batting: RHB Brandon Pope 0-0: TRIPLE (Line Drive, 8RM)
Batting: RHB Earnest Finnegan 0-0: Ball
1-0: Called Strike
1-1: Ball
2-1: TRIPLE (Groundball, 5L)
Brandon Pope scores
Batting: RHB Enrique Flores 0-0: Called Strike
0-1: SINGLE (Flyball, 9LS) - OUT at second base trying to stretch hit.
Earnest Finnegan scores
Bottom of the 8th over - 2 run(s), 3 hit(s), 0 error(s), 0 left on base; Balzac 11 - Riverside 12
TOP OF THE 9TH
Balzac Rams batting - Pitching for Riverside Red Bulls : RHP Roberto Moreno
Pitching: LHP Miguel Galván
Batting: RHB James Tucker 0-0: Called Strike
0-1: Swinging Strike
0-2: Ball
1-2: Strikes out swinging
Batting: RHB Jeff Stevenson 0-0: Ball
1-0: Ground out 5-3 (Groundball, 56)
Batting: RHB Félix Quintero 0-0: Ball
1-0: Called Strike
1-1: Foul Ball, location: 2F
1-2: Ball
2-2: Ball
3-2: Base on Balls
Batting: RHB Enrique Castillo 0-0: Foul Ball, location: 2F
0-1: Ball
1-1: Called Strike
1-2: Ball
2-2: Ball
3-2: Strikes out swinging
Top of the 9th over - 0 run(s), 0 hit(s), 0 error(s), 1 left on base; Balzac 11 - Riverside 12
Thursday, March 30th, 2017 - OOTP Baseball 17.12 Build 75